Map: Inside and Out

Players

Jay

  • Race: Zerg Zerg
  • Spawn Location: 7:00

Epic - Winner!

  • Race: Terran Terran
  • Spawn Location: 1:00

Event: DreamHack SC2 Masters 2022 Atlanta (Offline)

VOD

Have the link to the VOD?

Description

Time

  • Played on: Nov. 18, 2022, 10:31 a.m.
  • Length: 8:22

All games in this series

Show
View Real Time Build Order
Export as new Build Order

Jay Zerg 

Build Orders: Hatch First 

Get SALT Encoding   

  12  0:00  Drone  
  13  0:12  Overlord  
  13  0:16  Drone  
  14  0:30  Drone x2  
  16  0:48  Hatchery  
  15  0:51  Drone  
  15  0:54  Drone  
  17  0:57  Drone  
  18  1:09  Extractor  
  17  1:13  Spawning Pool  
  17  1:15  Drone  
  17  1:18  Drone  
  18  1:27  Drone  
  19  1:38  Drone  
  20  1:49  Drone  
  21  2:00  Queen x2  
  21  2:01  Zergling x4  
  27  2:10  Drone  
  27  2:14  Overlord  
  28  2:26  Hatchery  
  27  2:32  Metabolic Boost, Drone  
  28  2:41  Drone x3  
  30  2:45  Queen  
  31  2:55  Drone x2  
  31  2:56  Drone x2  
  35  3:04  Overlord  
  35  3:17  Overlord  
  35  3:21  Queen  
  35  3:25  Queen  
  39  3:28  Drone x3  
  39  3:30  Drone  
  43  3:42  Zergling x4  
  43  3:43  Drone  
  43  3:44  Drone  
  43  3:47  Queen  
  49  3:48  Overlord  
  49  3:53  Drone x4  
  53  3:57  Drone x4  
  57  4:11  Overlord  
  57  4:29  Queen x2, Overlord x4  
  61  4:36  Overlord x2  
  57  4:46  Zergling x2  
  57  4:47  Zergling x18  
  66  5:03  Zergling x6  
  59  5:10  Zergling x6  
  59  5:12  Queen x2  
  58  5:17  Zergling x4  
  56  5:26  Drone x3  
  52  5:33  Drone  
  48  5:36  Queen, Drone x2  
  48  5:38  Drone  
  53  5:47  Drone  
  53  5:48  Drone  
  53  5:49  Queen  
  57  5:51  Queen  
  57  5:53  Drone  
  57  5:55  Spore Crawler  
  60  5:58  Drone x2  
  60  5:59  Extractor  
  60  6:02  Drone  
  62  6:08  Drone  
  62  6:10  Hatchery  
  62  6:13  Drone x2  
  64  6:23  Drone x7  
  71  6:25  Queen  
  71  6:27  Hatchery  
  71  6:28  Drone  
  71  6:31  Overlord  
  73  6:33  Lair  
  73  6:38  Baneling Nest  
  72  6:44  Zergling x4, Extractor  
  72  6:45  Zergling x2, Extractor  
  73  6:48  Drone x3  
  73  6:49  Drone x2  
  78  6:59  Drone x5  
  83  7:05  Overlord  
  83  7:06  Drone x4  
  87  7:12  Zergling x4  
  89  7:20  Drone  
  89  7:21  Drone x2  
  91  7:28  Zergling x12  
  95  7:37  Hatchery  
  95  7:39  Hatchery  
  95  7:40  Queen  
  95  7:43  Zergling x10, Evolution Chamber  
  99  7:45  Evolution Chamber  
  99  7:46  Overlord x2  
  94  7:55  Zergling x2  
  94  7:56  Zergling x8  
  91  8:01  Zergling x8  
  86  8:05  Overseer  
Show
View Real Time Build Order
Export as new Build Order

Epic Terran - Winner!

Build Orders: Hellion Opening, Reaper Expand 

Get SALT Encoding   

  12  0:00  SCV  
  13  0:12  SCV  
  14  0:17  Supply Depot  
  14  0:24  SCV  
  15  0:38  SCV  
  15  0:39  Barracks  
  15  0:42  Refinery  
  16  0:50  SCV  
  17  1:02  SCV  
  18  1:14  SCV  
  19  1:26  Reaper, Orbital Command  
  20  1:38  Command Center  
  20  1:46  Supply Depot  
  20  1:52  SCV  
  21  1:58  Marine  
  22  2:04  SCV  
  23  2:10  Factory  
  23  2:14  Refinery  
  23  2:16  SCV  
  23  2:19  Barracks Reactor  
  24  2:28  SCV  
  25  2:40  SCV  
  26  2:52  SCV, Orbital Command  
  26  2:57  Starport  
  27  3:03  Hellion  
  27  3:04  Hellion  
  27  3:05  SCV, Marine  
  33  3:18  Supply Depot, SCV x2  
  35  3:24  Marine  
  35  3:25  Hellion x2  
  40  3:30  SCV x2  
  40  3:33  Medivac  
  44  3:37  Armory  
  44  3:45  Marine  
  44  3:46  Hellion x2  
  51  3:48  SCV x2  
  51  4:02  Supply Depot  
  51  4:04  Liberator  
  54  4:14  Barracks Tech Lab  
  54  4:15  Supply Depot  
  54  4:24  SCV x2, Hellion x2  
  60  4:33  Command Center  
  60  4:36  SCV x2, Stimpack  
  60  4:48  SCV x2  
  60  4:51  Starport Reactor  
  61  4:53  Barracks  
  61  4:54  Factory Reactor  
  61  4:57  Barracks  
  59  5:01  SCV x2  
  59  5:02  Engineering Bay x2  
  60  5:13  SCV  
  60  5:14  SCV  
  55  5:15  Refinery  
  55  5:16  Refinery  
  55  5:18  Supply Depot  
  48  5:26  SCV x2  
  50  5:30  Terran Infantry Armor Level 1, Terran Infantry Weapons Level 1  
  46  5:36  Barracks  
  46  5:37  Barracks  
  46  5:38  SCV x2  
  46  5:41  Factory Tech Lab, Marine x2  
  46  5:42  Marine  
  49  5:45  Orbital Command  
  49  5:50  SCV x2  
  49  5:53  Medivac  
  49  5:54  Medivac  
  49  5:56  Marine  
  56  5:57  Marine  
  56  5:59  Marine  
  56  6:00  Marine  
  56  6:01  Marine  
  56  6:03  SCV  
  61  6:04  SCV  
  61  6:09  Siege Tank  
  61  6:10  Orbital Command  
  65  6:15  Supply Depot, SCV, Combat Shield  
  66  6:18  SCV  
  66  6:19  Marine x2  
  66  6:22  Marine x3  
  72  6:27  Barracks Reactor  
  72  6:28  Barracks Reactor  
  72  6:30  SCV x2  
  74  6:34  Supply Depot  
  74  6:35  SCV  
  74  6:39  Medivac x2  
  79  6:42  SCV  
  79  6:43  SCV  
  81  6:47  Marine x5  
  81  6:49  Siege Tank  
  81  6:50  SCV  
  81  6:51  Supply Depot  
  81  6:54  Supply Depot  
  90  6:58  SCV x2  
  92  7:04  SCV  
  92  7:05  Marine x7  
  92  7:06  Marine  
  92  7:07  Supply Depot, Marine  
  102  7:11  Medivac x2  
  102  7:14  SCV  
  102  7:15  SCV  
  108  7:16  SCV  
  108  7:20  Refinery  
  109  7:23  Marine x5  
  114  7:31  Supply Depot  
  114  7:36  Marine x4  
  118  7:41  Marine x5  
  122  7:47  Supply Depot  
  122  7:49  SCV x3  
  127  7:56  Marine x4  
  130  7:58  Marine x4  
  130  7:59  Marine  
  139  8:10  Supply Depot  
  139  8:11  Supply Depot  
  139  8:19  Command Center  
Tags
 
Add a new tag
Caveats
  • Supply blocks, unpowered buildings, or Contaminate may cause inaccurate times.
  • Supply counts are checked every 10 seconds.